 Dungeon Crawl Stone Soup version 0.29-a0-275-g389c0b56f3 (webtiles) character file.

Game seed: 3317887517376637947

14 sanka the Insei (level 2, 29/29 HPs)
             Began as a Gnoll Monk on Mar 10, 2022.
             Was a Priest of Zin.
             Quit the game on level 1 of the Dungeon.
             The game lasted 00:00:48 (572 turns).

sanka the Insei (Gnoll Monk)                         Turns: 572, Time: 00:00:48

Health: 29/29      AC:  4    Str: 10    XL:     2   Next: 41%
Magic:  2/2        EV: 14    Int:  9    God:    Zin [***...]
Gold:   60         SH:  0    Dex: 14    Spells: 1/1 levels left

rFire   + . .      SeeInvis .     - Unarmed
rCold   . . .      Faith    .   (no shield)
rNeg    . . .      Spirit   .   f - +1 leather armour {rF+}
rPois   .          Reflect  .   (no helmet)
rElec   .          Harm     .   (no cloak)
rCorr   .          Rampage  .   (no gloves)
Will    .....                   (no boots)
Stlth   ++........              (no amulet)
HPRegen 0.09/turn               (no ring)
MPRegen 0.08/turn               (no ring)

@: no status effects
A: fangs 1, strong nose, distributed training
a: Renounce Religion, Recite, Vitalisation, Imprison, Donate Gold


You were on level 1 of the Dungeon.
You worshipped Zin.
Zin was most pleased with you.
You visited 1 branch of the dungeon, and saw 1 of its levels.

You collected 66 gold pieces.
You donated 6 gold pieces to Zin.


Innate Abilities, Weirdness & Mutations

You have very sharp teeth.
Your uncanny sense of smell can sniff out nearby items.
Your experience applies equally to all skills.


   Skills:
 + Level 6.5 Fighting
 + Level 0.4 Short Blades
 + Level 0.4 Long Blades
 + Level 0.4 Axes
 + Level 0.4 Maces & Flails
 + Level 0.4 Polearms
 + Level 0.4 Staves
 + Level 0.4 Slings
 + Level 0.4 Bows
 + Level 0.4 Crossbows
 + Level 0.4 Throwing
 + Level 0.4 Armour
 + Level 6.5 Dodging
 + Level 4.1 Stealth
 + Level 0.4 Shields
 + Level 6.5 Unarmed Combat
 + Level 0.4 Spellcasting
 + Level 0.2 Conjurations
 + Level 0.2 Hexes
 + Level 0.2 Summonings
 + Level 0.2 Necromancy
 + Level 0.2 Translocations
 + Level 0.2 Transmutations
 + Level 0.2 Fire Magic
 + Level 0.2 Ice Magic
 + Level 0.2 Air Magic
 + Level 0.2 Earth Magic
 + Level 0.2 Poison Magic
 + Level 0.5 Invocations
 + Level 0.4 Evocations


You had one spell level left.
You didn't know any spells.
Your spell library was empty.

Inventory:

Missiles
 i - 4 javelins (quivered)
Armour
 f - a +1 leather armour of fire resistance (worn)
Jewellery
 j - a ring of fire
Scrolls
 d - a scroll of vulnerability {unknown}
 g - a scroll of amnesia {unknown}
Potions
 a - 2 potions of might {unknown}
 b - a potion of ambrosia
 c - a potion of lignification {unknown}
 e - a potion of haste {unknown}
 h - a potion of degeneration {unknown}

Dungeon Overview and Level Annotations

Branches:
Dungeon (1/15)

Altars:
Zin

▒▒▒▒.▒▒▒.....▒).≈
▒.▒▒..▒....▒▒▒▒..
▒.....▒..▒▒▒▒▒▒▒.
▒.▒..............
▒.▒.▒▒..▒▒▒▒.....
▒▒▒▒▒▒▒.▒....>▒▒▒▒.....
▒....#..▒..............
▒▒▒▒##..▒▒.▒▒▒▒▒▒....).
▒..g....▒ ▒......
▒#...▒▒▒▒ ▒▒.....
▒.▒▒.▒ ▒..... ▒....▒
▒▒'▒▒▒ ▒▒▒▒▒▒ ▒.▒ ▒.▒
▒.▒▒▒ ▒.... ▒▒▒▒▒


There were no monsters in sight!


Message History

You hit the ball python.
You kill the ball python!
No target in view!
You see here 4 javelins.
i - 4 javelins
Found a wooden ring.
j - a ring of fire
Okay, then.
Found a short sword and 8 stones.
You see here 8 stones.
Found a faded altar of an unknown god.
There is a faded altar of an unknown god here.
You open the door.
There is an open door here.
An endoplasm comes into view.
An endoplasm is nearby!
Search for what [? for help]? altar
There is an open door here.
There is a faded altar of an unknown god here.
You cannot tell which god this altar belongs to.
Convert to them anyway?
Zin accepts your prayer! Zin welcomes you!
You can now recite Zin's Axioms of Law.
You can now call upon Zin for vitalisation.
You pay a tithe of 6 gold.
You can now donate money to Zin.
You can now call upon Zin to imprison the lawless.
Unknown command.
Press < or > to pray at altars.
Are you sure you want to abandon this character and quit the game? (Confirm with "yes".)

Action                   || total
-------------------------++-------
Melee: Unarmed           ||    24
       Bite              ||     1
 Stab: Sleeping          ||     5
Armor: Robe              ||     3
       Leather armour    ||     1
Dodge: Dodged            ||    17

Levels and vault maps discovered:
D:1:      eino_arrival_water_star, layout_basic, ebering_ecumenical_altar_mist

Notes
Turn   | Place    | Note
-------+----------+-------------------------------------------
     0 | D:1      | sanka the Gnoll Monk began the quest for the Orb.
     0 | D:1      | Reached XP level 1. HP: 23/23 MP: 1/1
   236 | D:1      | Reached XP level 2. HP: 29/29 MP: 2/2
   517 | D:1      | Found a faded altar of an unknown god.
   571 | D:1      | Prayed at the altar of an unknown god.
   571 | D:1      | Became a worshipper of Zin the Law-Giver
   571 | D:1      | Reached * piety under Zin
   571 | D:1      | Reached ** piety under Zin
   571 | D:1      | Reached *** piety under Zin
   572 | D:1      | Quit the game

Vanquished Creatures
  A bat (D:1)
  3 hobgoblins (D:1)
  2 kobolds (D:1)
  3 ball pythons (D:1)
  A goblin (D:1)
  2 rats (D:1)
12 creatures vanquished.
